AoeStats
← Cerdito

MegaRandom

506865232Analyzed
3v3 RM · 16d ago on Sep 15, 2026· 36m 23s· 6 players
Game mode
Random Map
Map size
Normal (6 player)
Population
200
Speed
Normal
Resources
Standard
Victory
Conquest
Starting age
Dark Age
Ending age
Imperial Age
RankedLock teamsTeams togetherTeam positionsShared explorationLock speedFull tech treeHidden civsTurbo modeCheats
Victory
Defeat
🇲🇦 Britons · Morocco
979
+18
🇿🇦 Byzantines · South Africa
972
+19
🇫🇷 Spanish · France
944
+20
🇨🇳 Chinese · China
1129
-22
🇨🇳 Wei · China
1020
-19
🇨🇳 Mapuche · China
947
-16
HHH2323
4:55 Loom
14:57 Feudal Age
16:23 Double-Bit Axe
19:17 Scale Barding Armor
19:49 Horse Collar
27:03 Castle Age
27:57 Thumb Ring
29:26 Padded Archer Armor
29:16 Fletching
31:08 Leather Archer Armor
31:13 Chain Barding Armor
Lazy Red Panda
6:12 Loom
11:24 Feudal Age
11:58 Horse Collar
12:05 Double-Bit Axe
14:35 Wheelbarrow
21:19 Castle Age
20:06 Stone Mining
21:17 Bloodlines
22:06 Town Watch
23:34 Gold Mining
23:50 Husbandry
27:12 Hand Cart
27:31 Ballistics
27:46 Heavy Plow
31:23 Scale Barding Armor
34:31 Inquisition
nyx
11:36 Feudal Age
12:04 Double-Bit Axe
22:32 Castle Age
21:59 Fletching
22:46 Crossbowman
25:06 Wheelbarrow
28:22 Hand Cart
28:14 Bodkin Arrow
29:55 Ballistics
30:20 Padded Archer Armor
30:51 Loom
31:10 Horse Collar
33:01 Pikeman
35:20 Elite Skirmisher
Cerdito
0:26 Loom
11:08 Feudal Age
14:43 Castle Age
12:47 Double-Bit Axe
13:22 Horse Collar
16:04 Bow Saw
25:19 Wheelbarrow
25:07 Scale Barding Armor
24:58 Gold Mining
25:35 Husbandry
26:46 Bloodlines
27:16 Chain Barding Armor
27:07 Forging
28:22 Stone Mining
28:56 Heavy Plow
30:12 Gold Shaft Mining
30:30 Hand Cart
33:25 Imperial Age
31:53 Iron Casting
32:09 Stone Shaft Mining
34:41 Plate Barding Armor
33:28 Cavalier
35:30 Blast Furnace
36:37 Two-Man Saw
36:08 Town Watch
D4C
11:41 Feudal Age
15:50 Castle Age
13:39 Double-Bit Axe
14:09 Horse Collar
14:37 Loom
17:20 Bow Saw
19:55 Town Watch
21:24 Heavy Plow
22:49 Wheelbarrow
25:17 Hand Cart
26:09 Gold Mining
26:10 Stone Mining
27:59 Gold Shaft Mining
27:40 Fletching
28:01 Husbandry
28:39 Bodkin Arrow
29:10 Ballistics
29:30 Thumb Ring
29:38 Thumb Ring
33:38 Imperial Age
31:15 Padded Archer Armor
31:42 Town Patrol
31:53 Tuntian
32:07 Bloodlines
31:18 Light Cavalry
34:51 Parthian Tactics
34:45 Leather Archer Armor
34:30 Bracer
35:33 Chemistry
34:45 Fortified Wall
34:57 Conscription
35:03 Ming Guang Armor
34:57 Caravan
34:31 Elite Skirmisher
34:32 Hussar
35:50 Hoardings
36:06 Stone Shaft Mining
36:03 Ring Archer Armor
35:45 Forging
35:40 Scale Barding Armor
36:07 Crop Rotation
qbe
11:05 Feudal Age
9:23 Loom
11:08 Feudal Age
16:26 Castle Age
14:13 Double-Bit Axe
14:09 Horse Collar
15:59 Fletching
16:09 Padded Archer Armor
17:14 Bodkin Arrow
21:52 Ballistics
27:58 Wheelbarrow
27:42 Bow Saw
29:17 Heavy Plow
31:00 Hand Cart
34:33 Imperial Age
31:56 Treadmill Crane
32:26 Masonry
32:32 Malon
32:50 Gold Mining
33:06 Stone Mining
33:35 Leather Archer Armor
34:31 Caravan
35:47 Ring Archer Armor
36:20 Chemistry
35:02 Elite Bolas Rider
Connection lost

Rejoining the realm…

Still unreachable

The connection could not be restored.

Session expired

The server has moved on; the page needs a fresh start.